 Dungeon Crawl Stone Soup version 0.19-a0-1072-g3763c35 (webtiles) character file.

13864 BeowulfAlex the Transmogrifier (level 12, -3/72 HPs)
             Began as an Octopode Transmuter on Aug 6, 2016.
             Was the Champion of Cheibriados.
             Slain by a river rat (10 damage)
             ... on level 2 of the Lair of Beasts.
             The game lasted 01:04:56 (14202 turns).

BeowulfAlex the Transmogrifier (OpTm)              Turns: 14202, Time: 01:05:26

Health: -3/72      AC:  1    Str: 24    XL:     12   Next: 10%
Magic:  15/18      EV: 16    Int: 31    God:    Cheibriados [******]
Gold:   744        SH:  0    Dex: 32    Spells: 4 memorised, 4 levels left

rFire  . . .     SeeInvis +       - Unarmed
rCold  . . .     Gourm    .     (shield currently unavailable)
rNeg   + . .     Faith    .     (helmet restricted)
rPois  .         Spirit   .     (no amulet)
rElec  .         Dismiss  .     r - ring of see invisible
rCorr  .         Reflect  .     v - ring of protection from magic
SustAt .         Harm     .     W - ring of positive energy
MR     +....                    (no ring)
Stlth  ++++++....               (no ring)
                                (no ring)
                                (no ring)
                                (no ring)

@: blade tentacles, drained, very slow
A: almost no armour, amphibious, 8 rings, constrict 8, camouflage 1, gelatinous
body 1
a: End Transformation, Bend Time, Temporal Distortion, Slouch, Step From Time,
Renounce Religion


You were on level 2 of the Lair of Beasts.
You worshipped Cheibriados.
Cheibriados was exalted by your worship.
You were not hungry.
You had blades for tentacles.
You visited 3 branches of the dungeon, and saw 13 of its levels.

You collected 744 gold pieces.

Inventory:

Hand Weapons
 p - a +0 hunting sling
 y - the +8 dagger of Uskayaw (melded) {holy, rElec rPois rF+ rC-}
   (You found it on level 4 of the Dungeon)

   It has been blessed by the Shining One to cause great damage to the undead
   and demons.
   It protects you from fire.
   It makes you vulnerable to cold.
   It insulates you from electricity.
   It protects you from poison.
Missiles
 d - 329 stones
 s - 69 sling bullets
 G - a throwing net
 Q - 5 tomahawks (quivered)
Armour
 M - an ice dragon hide
Magical Staves
 D - an uncursed staff of conjuration
 P - an uncursed staff of death
Jewellery
 l - an uncursed ring of fire
 r - a ring of see invisible (left scythe-like blade)
 v - a ring of protection from magic (right scythe-like blade)
 W - a ring of positive energy (on tentacle)
Wands
 J - a wand of flame (23/48)
 L - a wand of polymorph (14/24)
 O - a wand of digging (13/24)
 T - a wand of acid (5/15)
 U - a wand of polymorph (12/24)
Scrolls
 a - 2 scrolls of fear
 e - 6 scrolls of remove curse
 f - 2 scrolls of noise
 h - a scroll of recharging {unknown}
 j - 4 scrolls of enchant weapon
 k - 3 scrolls of magic mapping {unknown}
 m - 2 scrolls of immolation {unknown}
 n - 2 scrolls of amnesia {unknown}
 A - a scroll of teleportation
 B - 2 scrolls of enchant armour {unknown}
 F - 2 scrolls of blinking {unknown}
 K - a scroll of holy word {unknown}
 X - a scroll of summoning {unknown}
Potions
 g - 6 potions of curing
 o - 2 potions of agility
 q - 2 potions of haste {unknown}
 t - a potion of brilliance {unknown}
 u - 2 potions of magic {unknown}
 w - a potion of degeneration {unknown}
 z - 3 potions of flight {unknown}
 C - 2 potions of might {unknown}
 I - 3 potions of lignification {unknown}
 S - 4 potions of ambrosia {unknown}
Books
 b - a book of Changes

   Spells                             Type                      Level
   a - Beastly Appendage              Transmutation                1
   b - Sticks to Snakes               Transmutation                2
   c - Spider Form                    Transmutation/Poison         3
   d - Ice Form                       Ice/Transmutation            4
   e - Blade Hands                    Transmutation                5
 R - a book of Flames

   Spells                             Type                      Level
   a - Flame Tongue                   Conjuration/Fire             1
   b - Throw Flame                    Conjuration/Fire             2
   c - Conjure Flame                  Conjuration/Fire             3
   d - Inner Flame                    Hexes/Fire                   3
   e - Sticky Flame                   Conjuration/Fire             4
   f - Fireball                       Conjuration/Fire             5
Miscellaneous
 N - a phial of floods
Comestibles
 c - 9 bread rations
 i - 5 fruits
 x - 9 slices of pizza
 E - 2 meat rations
 V - a beef jerky


   Skills:
 - Level 3.0(2.9) Fighting
 - Level 3.0(2.8) Dodging
 - Level 6.0(5.9) Stealth
 + Level 10.5(10.3) Unarmed Combat
 - Level 3.0(2.9) Spellcasting
 + Level 12.6(12.4) Transmutations
 - Level 8.0(7.9) Invocations
 * Level 3.9(3.8) Evocations


You had 4 spell levels left.
You knew the following spells:

 Your Spells              Type           Power        Failure   Level  Hunger
a - Beastly Appendage     Tmut           ######       6%          1    None
b - Spider Form           Tmut/Pois      #####.....   21%         3    ###....
c - Blade Hands           Tmut           ######....   17%         5    ######.
d - Ice Form              Ice/Tmut       #####...     41%         4    ####...


Dungeon Overview and Level Annotations

Branches:
Dungeon (10/15)            Temple (1/1) D:5            Lair (2/6) D:8
  Swamp: Lair:2-4    Shoals: Lair:2-4     Snake: Lair:2-4    Spider: Lair:2-4
    Orc: D:9-12

Altars:
Ashenzari
Cheibriados
Dithmenos
Elyvilon
Fedhas
Gozag
Hepliaklqana
Kikubaaqudgha
Makhleb
Nemelex Xobeh
Okawaru
Pakellas
Qazlal
Ru
Sif Muna
Trog
Uskayaw
Vehumet
Xom
Yredelemnul
Zin
The Shining One
Lugonu

Shops:
D:4 (}*   D:5 }   D:8 %


Innate Abilities, Weirdness & Mutations

You cannot wear most types of armour.
You are amphibious.
You can wear up to eight rings at the same time.
You can use your tentacles to constrict eight enemies at once.
Your skin changes colour to match your surroundings (Stealth+).
Your rubbery body absorbs attacks. (AC +1, EV +1)


Message History

You shred the hell rat!!!
You kill the hell rat!
Cheibriados thoroughly appreciates the change of pace.
The hell rat completely misses you. The river rat closely misses you.
You shred the hell rat!!!
You kill the hell rat!
Cheibriados thoroughly appreciates the change of pace.
The river rat bites you!
* * * LOW HITPOINT WARNING * * *
The river rat closely misses you.
The river rat bites you but does no damage.
The river rat misses you.
You are too injured to fight recklessly!
You slash the river rat!
You kill the river rat!
Cheibriados appreciates the change of pace.
The river rat misses you. The river rat bites you!
* * * LOW HITPOINT WARNING * * *
The river rat bites you!
You die...

..#......## ..
.........##
.P####P..<....P.
................
................
................
................
......rrr.......
.......@r..$.#.#
..#.#..l.....#
#.........#
##.......##
........#
.........#
##P........#
##........P


You could see an iguana and 4 river rats.

Vanquished Creatures
  A hydra (Lair:1)
  The ghost of Lorrdernie the Carver, a journeyman FoFi of Okawaru (D:9)
  Erica (D:8)
  A hill giant (D:10)
  2 elephants (Lair:1)
  A black mamba (Lair:1)
  6 komodo dragons (Lair:1)
  Grinder (D:4)
  5 blink frogs (Lair:1)
  Sigmund (D:2)
  A yak (D:7)
  A wyvern (D:9)
  A human (D:7)
  Eustachio (D:4)
  A hungry ghost (D:6)
  3 hippogriffs
  Menkaure (D:7)
  5 water moccasins
  A porcupine (Lair:1)
  An ice beast (D:6)
  3 phantoms
  4 black bears
  2 necrophages
  2 sky beasts
  5 ogres
  An orc warrior (D:9)
  A crocodile (Lair:1)
  6 centaurs
  Blork the orc (D:4)
  5 giant frogs
  3 big kobolds
  A scorpion (D:9)
  A wyvern skeleton (D:7)
  11 killer bees
  3 wights (D:9)
  5 crimson imps
  2 giant frog zombies (D:5)
  6 jellies
  A centaur skeleton (D:10)
  3 hounds
  6 orc priests
  2 giant frog skeletons
  8 orc wizards
  Crazy Yiuf (D:6)
  Terence (D:2)
  6 iguanas
  9 worker ants
  6 hell rats (Lair:2)
  9 sheep
  A hound skeleton (D:5)
  A hound zombie (D:7)
  A howler monkey zombie (D:5)
  Robin (D:2)
  14 gnolls
  9 river rats
  11 adders
  3 oozes
  3 adder zombies
  An adder skeleton (D:5)
  4 worms
  5 giant geckos
  26 orcs
  A ball python (D:4)
  10 bats
  12 giant cockroaches
  17 goblins
  8 hobgoblins
  12 jackals
  24 kobolds
  3 quokkas
  A giant cockroach zombie (D:5)
  A giant gecko skeleton (D:4)
  3 giant newts
  A jackal skeleton (D:5)
  A jackal zombie (D:8)
  8 rats
332 creatures vanquished.

Notes
Turn   | Place    | Note
-------+----------+-------------------------------------------
     0 | D:1      | BeowulfAlex the Octopode Transmuter began the quest for the Orb.
     0 | D:1      | Reached XP level 1. HP: 13/13 MP: 3/3
    64 | D:1      | Reached XP level 2. HP: 19/19 MP: 3/5
   479 | D:1      | Reached XP level 3. HP: 19/24 MP: 6/6
   657 | D:2      | Noticed Robin
  1101 | D:2      | Reached skill level 3 in Transmutations
  1131 | D:2      | Learned a level 3 spell: Spider Form
  1592 | D:2      | Noticed Terence
  1632 | D:2      | Killed Terence
  1632 | D:2      | Reached XP level 4. HP: 22/29 MP: 0/7
  1874 | D:2      | Killed Robin
  2161 | D:2      | Noticed Sigmund
  2205 | D:2      | Killed Sigmund
  2205 | D:2      | Reached skill level 5 in Transmutations
  2205 | D:2      | Reached XP level 5. HP: 24/34 MP: 5/8
  2205 | D:2      | Reached XP level 6. HP: 27/39 MP: 5/9
  2910 | D:3      | Found a glowing golden altar of the Shining One.
  2910 | D:3      | Found a hazy altar of Hepliaklqana.
  2914 | D:3      | Found a snail-covered altar of Cheibriados.
  2965 | D:3      | Found a faded altar of an unknown god.
  3423 | D:3      | Reached XP level 7. HP: 11/45 MP: 6/10
  3704 | D:3      | Reached skill level 6 in Transmutations
  3976 | D:3      | Reached skill level 5 in Unarmed Combat
  4530 | D:4      | Noticed Grinder
  4542 | D:4      | Noticed Blork the orc
  4546 | D:4      | Killed Grinder
  4546 | D:4      | Reached skill level 7 in Transmutations
  4554 | D:4      | Found a white marble altar of Elyvilon.
  4631 | D:3      | Became a worshipper of Cheibriados the Contemplative
  4658 | D:4      | Reached XP level 8. HP: 43/50 MP: 8/11
  4849 | D:4      | Found a basalt altar of Yredelemnul.
  4882 | D:4      | Found Ekobud's General Store.
  4996 | D:4      | Found Noits's Gadget Shoppe.
  5032 | D:4      | Found Kottihiam's Antique Weapon Boutique.
  5229 | D:4      | Noticed Eustachio
  5236 | D:4      | Got an ebony dagger
  5237 | D:4      | Identified the +8 dagger of Uskayaw {holy, rElec rPois rF+ rC-} (You found it on level 4 of the Dungeon)
  5252 | D:4      | Killed Eustachio
  5252 | D:4      | Reached skill level 1 in Stealth
  5252 | D:4      | Reached skill level 8 in Transmutations
  5457 | D:4      | Reached * piety under Cheibriados
  5459 | D:4      | Found a stormy altar of Qazlal.
  5533 | D:4      | Killed Blork the orc
  5835 | D:5      | Entered Level 5 of the Dungeon
  5989 | D:5      | Found a stormy altar of Qazlal.
  5990 | D:5      | Found a shadowy altar of Dithmenos.
  6175 | D:5      | Found a staircase to the Ecumenical Temple.
  6185 | Temple   | Entered the Ecumenical Temple
  6272 | D:5      | Reached skill level 9 in Transmutations
  6370 | D:5      | Reached ** piety under Cheibriados
  6370 | D:5      | Reached XP level 9. HP: 54/54 MP: 12/12
  6419 | D:5      | Found an oddly glowing altar of Pakellas.
  6419 | D:5      | Found Pakellas's Prime Provisions.
  6793 | D:6      | Noticed a dagger
  6794 | D:6      | Noticed a hand axe
  6805 | D:6      | You fall through a shaft for 2 floors!
  7067 | D:8      | Noticed Erica
  7130 | D:7      | Learned a level 5 spell: Blade Hands
  7519 | D:6      | Reached skill level 10 in Transmutations
  7552 | D:6      | HP: 1/54 [ice beast (9)]
  7949 | D:6      | Reached *** piety under Cheibriados
  7959 | D:6      | Found a hide-covered altar of Uskayaw.
  8485 | D:6      | Found a deep blue altar of Sif Muna.
  8489 | D:6      | Found a burning altar of Makhleb.
  8494 | D:6      | Found a sacrificial altar of Ru.
  8494 | D:6      | Found a blossoming altar of Fedhas.
  8544 | D:6      | Found a runed door.
  8549 | D:6      | Noticed Crazy Yiuf
  8554 | D:6      | Killed Crazy Yiuf
  9166 | D:7      | Reached skill level 11 in Transmutations
  9166 | D:7      | Reached XP level 10. HP: 53/60 MP: 13/13
  9238 | D:7      | You fall through a shaft for 3 floors!
  9238 | D:10     | Entered Level 10 of the Dungeon
  9330 | D:10     | Noticed a hill giant
  9344 | D:10     | Killed a hill giant
  9344 | D:10     | Reached skill level 5 in Stealth
  9586 | D:9      | Reached **** piety under Cheibriados
  9961 | D:9      | Noticed Lorrdernie's ghost (journeyman FoFi)
  9993 | D:9      | Killed Lorrdernie's ghost
 10362 | D:8      | Found Nefits's Food Boutique.
 10366 | D:8      | Reached skill level 12 in Transmutations
 10445 | D:8      | Killed Erica
 10741 | D:7      | Noticed Menkaure
 10744 | D:7      | Killed Menkaure
 10777 | D:7      | Reached ***** piety under Cheibriados
 10999 | D:7      | Found a glowing silver altar of Zin.
 10999 | D:7      | Found an opulent altar of Gozag.
 11171 | D:7      | Reached XP level 11. HP: 67/67 MP: 14/14
 11451 | D:8      | Reached skill level 5 in Invocations
 11525 | D:8      | You fall through a shaft for 2 floors!
 12398 | D:8      | Found a staircase to the Lair.
 12468 | Lair:1   | Entered Level 1 of the Lair of Beasts
 12984 | Lair:1   | Reached skill level 10 in Unarmed Combat
 13327 | Lair:1   | Reached ****** piety under Cheibriados
 13358 | Lair:1   | Reached skill level 1 in Evocations
 13374 | Lair:1   | Learned a level 4 spell: Ice Form
 13836 | Lair:1   | Noticed a six-headed hydra
 13843 | Lair:1   | Killed a six-headed hydra
 13843 | Lair:1   | Reached XP level 12. HP: 72/72 MP: 13/18
 14202 | Lair:2   | Slain by a river rat

Vault maps used:
D:1:      evilmike_arrival_run_for_it
D:2:      kennysheep_big_empty_room, uniq_terence, uniq_robin, uniq_sigmund
D:3:      nicolae_overflow_hidden_temple, first_bread, ecumenical_altar_1
D:4:      kennysheep_ying_yang, marbit_many_paths, serial_shops,
          kennysheep_mini_moat, shop, nicolae_shop_stone,
          hangedman_decor_points, hex_large, uniq_eustachio, uniq_grinder,
          uniq_blork_the_orc
D:5:      johnstein_pakellas_shop, overflow_temple_1_default,
          nicolae_qazlal_general_emergency
D:6:      dancing_weapons_uskayaw, minitemple, corexii_checkpoint_a,
          uniq_crazy_yiuf_cottage
D:7:      grunt_temple_overflow_gold_and_silver, grunt_livestock, uniq_menkaure
D:8:      lair_0_dummy, serial_shops, shop, uniq_erica
D:10:     lightli_minifort, uniq_nergalle
Temple:   corrupted_temple
Lair:1:   beast_lair_carwin_8
Lair:2:   spider_nest_entry_web_field, lemuel_fruit_fields, uniq_urug

Skill      XL: |  1  2  3  4  5  6  7  8  9 10 11 |
---------------+----------------------------------+-----
Fighting       | 2 3 |  3.0
Transmutations | 3 5 7 9 11 12 | 12.6
Unarmed Combat | 4 5 6 8 9 10 | 10.5
Stealth        | 3 4 5 6 |  6.0
Dodging        | 3 |  3.0
Invocations    | 3 8 |  8.0
Spellcasting   | 3 |  3.0
Evocations     | 3 |  3.9

Action                   |  1- 3 |  4- 6 |  7- 9 | 10-12 || total
-------------------------+-------+-------+-------+-------++-------
Melee: Unarmed           |    97 |   117 |   209 |   160 ||   583
       Tentacles         |    15 |     8 |    46 |    66 ||   135
       Constrict         |    17 |    13 |    41 |    50 ||   121
       Kick              |       |       |     3 |     3 ||     6
       Punch             |       |       |    11 |    30 ||    41
       Dagger            |       |       |    68 |    78 ||   146
 Fire: Hunting sling     |       |     3 |       |       ||     3
Throw: Stone             |     1 |     6 |    10 |    16 ||    33
       Tomahawk          |       |       |       |     6 ||     6
 Cast: Beastly Appendage |     1 |       |     4 |     1 ||     6
       Spider Form       |     1 |    10 |    15 |       ||    26
       Blade Hands       |       |       |    13 |    36 ||    49
       Ice Form          |       |       |       |     1 ||     1
 Abil: End Transformatio |       |       |     1 |       ||     1
  Use: Scroll            |       |       |     6 |     2 ||     8
 Stab: Sleeping          |     5 |     6 |    19 |    21 ||    51
       Distracted        |     1 |       |     1 |     2 ||     4
  Eat: Chunk             |     1 |     9 |    18 |    18 ||    46
       Royal jelly       |       |       |     1 |       ||     1
       Beef jerky        |       |       |       |     1 ||     1
Armor: Skin              |    10 |    11 |    12 |     7 ||    40
Dodge: Dodged            |    56 |    65 |   172 |   147 ||   440
